Map: Rifts to Korhal

Players

FOXIDI

  • Race: Terran Terran
  • Spawn Location: 7:00

NamroodTuo

  • Race: Terran Terran
  • Spawn Location: 7:00

VOD

Have the link to the VOD?

Description

Time

  • Played on: May 19, 2023, 8:42 a.m.
  • Length: 26:55
Show
View Real Time Build Order
Export as new Build Order

FOXIDI Terran 

Build Orders:  

Get SALT Encoding   

  12  0:51  Barracks  
  12  0:57  Supply Depot  
  12  1:00  Supply Depot  
  12  1:12  Refinery  
  12  1:15  SCV  
  13  1:32  SCV  
  14  2:05  SCV  
  15  2:18  Marine  
  16  2:22  SCV  
  17  2:30  Marine  
  17  2:32  Supply Depot  
  17  2:39  SCV  
  19  2:51  Barracks Tech Lab  
  19  2:56  SCV  
  20  3:04  Supply Depot  
  19  3:13  SCV  
  19  3:25  Marine  
  20  3:30  SCV  
  20  3:37  Marine  
  22  3:50  Medic  
  22  3:52  SCV  
  25  4:02  Marine  
  25  4:09  SCV  
  27  4:15  Marine  
  28  4:21  Stabilizer Medpacks  
  28  4:26  SCV  
  28  4:27  Marine  
  30  4:39  Marine  
  30  4:43  SCV  
  32  4:52  Marine  
  32  4:56  Supply Depot  
  32  4:57  Supply Depot  
  33  5:00  SCV  
  33  5:01  Supply Depot  
  33  5:04  Medic  
  36  5:17  Marine  
  37  5:36  Engineering Bay  
  37  6:12  Marine  
  37  6:16  Barracks  
  38  6:20  Terran Infantry Weapons Level 1  
  38  6:25  Marine  
  39  6:36  Refinery  
  39  6:38  Firebat  
  41  6:53  Firebat  
  43  7:02  Command Center  
  43  7:08  Marauder  
  45  7:25  Barracks Tech Lab  
  45  7:28  Juggernaut Plating  
  45  7:39  SCV  
  46  7:49  Marine  
  46  7:56  SCV  
  48  8:02  Marine  
  49  8:13  SCV  
  49  8:14  Marine  
  49  8:15  Marine  
  52  8:26  Marine  
  52  8:28  Marine  
  54  8:39  Medic  
  56  8:40  Marine  
  56  8:47  SCV  
  58  8:53  Marine  
  59  9:00  Terran Infantry Armor Level 1  
  59  9:04  SCV  
  59  9:05  Medic  
  62  9:10  Bunker  
  62  9:18  Marine x2  
  64  9:21  SCV  
  65  9:31  Marine x2  
  65  9:37  Bunker  
  65  9:38  SCV  
  68  9:43  Marine x2, Factory  
  70  9:55  SCV, Marine  
  70  9:56  Marine  
  73  10:08  Medic x2  
  77  11:46  Refinery  
  77  11:47  SCV  
  78  12:04  SCV  
  79  12:21  SCV  
  79  12:23  Refinery  
  80  12:32  Neosteel Frame  
  80  12:35  Unknown  
  80  12:38  SCV  
  64  12:55  Barracks, SCV  
  64  12:56  Barracks  
  65  13:10  Factory Tech Lab  
  65  13:12  SCV  
  65  13:15  Marine  
  65  13:16  Marine  
  68  13:28  Marine x2  
  68  13:29  SCV  
  71  13:33  Armory  
  71  13:37  Factory  
  71  13:38  Replenishable Magazine  
  71  13:39  Siege Tank  
  71  13:40  Marine  
  71  13:41  Marine  
  71  13:46  SCV  
  77  13:51  Barracks Reactor x2  
  77  13:53  Marine x2  
  79  14:02  Siege Tank  
  79  14:05  Marine  
  79  14:06  Marine  
  84  14:21  Structure Armor  
  84  14:25  Incinerator Gauntlets  
  84  14:40  Medic  
  86  14:57  Supply Depot  
  86  14:58  Supply Depot  
  86  15:01  Supply Depot  
  86  15:03  Supply Depot  
  86  15:05  Supply Depot  
  86  15:06  Supply Depot  
  86  15:07  Supply Depot  
  86  15:08  Supply Depot x3  
  86  15:09  Supply Depot  
  86  15:12  Supply Depot  
  86  15:21  Orbital Command  
  86  15:27  SCV, Medic x2, Siege Tank  
  94  15:39  Medic x2  
  94  15:44  SCV  
  94  15:49  Siege Tank  
  99  15:51  Marine  
  99  15:52  Medic  
  95  16:01  SCV  
  95  16:04  Marine x2  
  89  16:12  Marine x2, Siege Tank  
  89  16:13  Marine x2  
  89  16:16  Marine, Medic  
  89  16:18  SCV  
  100  16:25  Marine x3  
  100  16:29  Medic, Firebat  
  107  16:35  SCV  
  108  16:42  Firebat  
  108  16:44  Marauder  
  112  16:52  SCV  
  112  16:57  Terran Infantry Weapons Level 2, Marauder  
  112  16:59  Marauder  
  117  17:09  SCV  
  118  17:26  SCV  
  119  17:43  SCV  
  119  17:47  Marine  
  119  17:48  Marine x5  
  109  18:00  Marine x6  
  132  18:12  Marine x2  
  132  18:13  Marine x4  
  126  18:24  Marine  
  126  18:25  Marine x5  
  132  18:38  Marine, Medic  
  135  18:50  Medic x2  
  139  19:02  Medic x2  
  143  19:15  Medic x2  
  139  20:07  Terran Infantry Armor Level 2  
  139  20:17  Medic x2  
  143  20:21  Marine x4  
  146  20:30  Medic x2  
  146  20:33  Marine x3  
  146  20:34  Marine, Factory Tech Lab  
  146  20:37  Factory Reactor  
  154  20:42  Medic x2  
  154  20:45  Vulture  
  154  20:46  Marine x4  
  164  20:55  Medic x2  
  164  20:57  Vulture  
  164  20:58  Marine x3  
  164  20:59  Marine  
  174  21:07  Medic x2  
  178  21:10  Vulture  
  180  21:22  Vulture  
  182  21:49  Supply Depot  
  182  21:50  Supply Depot  
  182  21:53  Supply Depot  
  182  22:19  Vulture  
  182  22:22  Supply Depot  
  182  22:25  Supply Depot  
  182  22:28  Supply Depot  
  181  25:18  Medic x2  
  185  25:31  Medic x2  
  189  25:43  Medic x2  
  187  25:56  Medic  
Show
View Real Time Build Order
Export as new Build Order

NamroodTuo Terran 

Build Orders:  

Get SALT Encoding   

  12  0:05  SCV  
  13  0:19  SCV  
  14  0:30  Supply Depot  
  14  0:35  SCV  
  15  0:46  Supply Depot  
  15  0:59  SCV  
  16  1:12  SCV  
  17  1:27  Factory  
  17  1:32  SCV  
  18  1:45  SCV  
  19  1:53  Devastation Turret  
  19  2:07  Perdition Turret  
  19  2:15  SCV  
  19  2:18  Perdition Turret  
  20  2:22  Refinery  
  20  2:37  Devastation Turret  
  17  2:40  SCV  
  21  2:53  SCV  
  22  3:10  Perdition Turret  
  22  3:14  SCV  
  23  3:38  Perdition Turret  
  23  3:39  Perdition Turret  
  23  3:44  Devastation Turret  
  23  3:45  Perdition Turret  
  23  3:51  SCV  
  23  3:58  Perdition Turret  
  24  4:00  Engineering Bay  
  24  4:05  SCV  
  24  4:06  Perdition Turret x2  
  25  4:31  Devastation Turret  
  25  4:54  Devastation Turret  
  25  5:05  Perdition Turret  
  25  5:10  Armory  
  25  5:15  SCV  
  26  5:24  Spinning Dizzy  
  26  5:28  SCV  
  27  5:32  Perdition Turret  
  27  5:37  Devastation Turret  
  27  5:54  Perdition Turret  
  27  5:56  Fire-Suppression Systems, Perdition Turret  
  27  6:18  Command Center  
  27  6:28  Spinning Dizzy  
  27  6:40  Spinning Dizzy  
  27  7:01  Upgrade Laser Drill Level 1  
  27  7:04  Spinning Dizzy  
  27  7:14  Devastation Turret  
  27  7:16  Spinning Dizzy  
  27  7:28  SCV  
  27  7:29  Devastation Turret  
  28  7:42  SCV  
  29  7:55  SCV  
  29  7:57  Spinning Dizzy  
  30  8:01  Supply Depot  
  30  8:07  SCV  
  31  8:21  SCV  
  31  8:26  Devastation Turret  
  32  8:47  Spinning Dizzy  
  32  8:52  Devastation Turret  
  32  8:57  SCV  
  33  9:10  SCV  
  33  9:19  Devastation Turret  
  34  9:24  SCV  
  34  9:36  Devastation Turret  
  34  9:37  SCV  
  35  9:40  SCV  
  36  9:54  SCV  
  37  10:07  SCV  
  37  10:17  Devastation Turret  
  37  10:21  SCV  
  34  10:34  SCV  
  34  10:35  SCV  
  34  10:39  Spinning Dizzy  
  36  10:40  Refinery  
  36  10:48  SCV, Refinery  
  36  10:49  SCV  
  38  10:52  Refinery  
  38  10:58  Supply Depot  
  37  11:01  SCV  
  37  11:03  SCV  
  39  11:15  SCV  
  39  11:16  SCV  
  39  11:18  Devastation Turret  
  41  11:20  Supply Depot  
  41  11:29  SCV  
  42  11:42  SCV  
  43  11:56  SCV  
  44  12:03  SCV  
  44  12:09  SCV  
  45  12:16  SCV  
  47  12:23  SCV  
  48  12:30  SCV, Upgrade Laser Drill Level 2  
  48  12:36  SCV  
  50  12:43  SCV  
  50  12:44  Devastation Turret  
  50  12:46  Devastation Turret  
  50  12:49  Devastation Turret  
  51  12:57  SCV  
  52  13:11  SCV  
  52  13:12  Starport  
  52  13:17  Starport, SCV  
  52  13:19  Starport  
  54  13:24  SCV  
  55  13:31  SCV  
  55  13:33  Supply Depot  
  56  13:44  SCV  
  56  13:47  Devastation Turret x2  
  57  13:58  SCV  
  58  14:00  Spinning Dizzy  
  58  14:04  Supply Depot  
  58  14:05  Starport Tech Reactor  
  58  14:08  Starport Tech Reactor  
  58  14:11  SCV, KMC Auto-Loaders  
  58  14:16  Starport Tech Reactor  
  59  14:36  Supply Depot  
  59  15:09  Supply Depot  
  53  15:21  Pulse Amplifier  
  53  15:23  Displacement Field  
  53  15:24  Improved Nano-Repair  
  53  15:29  Science Vessel, Wraith  
  57  15:30  Wraith  
  57  15:31  Science Vessel, Wraith  
  57  15:32  Science Vessel  
  65  15:41  Structure Armor  
  65  16:09  Wraith  
  67  16:10  Science Vessel  
  67  16:11  Wraith  
  67  16:13  Devastation Turret  
  71  16:21  Defensive Matrix  
  71  16:28  Spinning Dizzy  
  71  16:32  Regenerative Bio-Steel  
  71  16:41  Hi-Sec Auto Tracking  
  71  16:42  Supply Depot, Devastation Turret  
  71  16:52  Spinning Dizzy  
  71  17:13  Supply Depot  
  71  17:17  Armory  
  71  17:40  Wraith x3  
  71  17:41  Wraith  
  71  17:43  Science Vessel  
  71  17:44  Science Vessel, Supply Depot  
  71  17:48  Terran Vehicle and Ship Weapons Level 1  
  83  18:02  Terran Vehicle And Ship Armor Level 1  
  77  18:16  Supply Depot  
  77  18:20  Wraith x3  
  77  18:21  Wraith  
  85  18:31  Wraith  
  85  18:32  Wraith  
  89  19:00  Wraith  
  91  19:29  Wraith x5  
  101  19:39  Wraith  
  103  20:09  Science Vessel  
  99  20:10  Science Vessel  
  99  20:42  Advanced Optics  
  99  21:01  Science Vessel x2  
  99  21:07  SCV  
  104  21:21  SCV  
  105  21:34  SCV  
  106  21:48  SCV  
  107  22:01  SCV  
  108  22:18  Science Vessel, Wraith  
  108  22:19  Science Vessel x2, Wraith x2  
  120  22:58  Wraith  
  120  22:59  Wraith x2  
  122  23:06  Wraith x2  
  122  24:37  Devastation Turret  
  122  24:39  Devastation Turret  
  122  24:42  Devastation Turret  
  122  24:47  Wraith x4  
  122  24:48  Wraith x2  
  134  25:04  Devastation Turret  
  134  25:10  Devastation Turret  
  134  25:24  Devastation Turret  
Tags
 
Commander
RaynorSwann
Matchup
Co-op
Replay Pack
Multiplayer
Add a new tag
Caveats
  • Supply blocks, unpowered buildings, or Contaminate may cause inaccurate times.
  • Supply counts are checked every 10 seconds.